 Dungeon Crawl Stone Soup version 0.21.1-1-g345015fe64 (webtiles) character file.

1409 Oravi the Changer (level 8, -3/55 HPs)
             Began as a Merfolk Transmuter on Apr 13, 2018.
             Slain by a gnoll
             ... wielding a +0 scythe
              (9 damage)
             ... on level 7 of the Dungeon.
             The game lasted 00:34:16 (6934 turns).

Oravi the Changer (Merfolk Transmuter)              Turns: 6934, Time: 00:34:17

Health: -3/55      AC:  3    Str: 10    XL:     8   Next: 70%
Magic:  7/11       EV: 15    Int: 15    God:
Gold:   298        SH:  0    Dex: 14    Spells: 5/11 levels left

rFire    . . .     SeeInvis +   g - staff of poison
rCold    . . .     Gourm    .   (no shield)
rNeg     . . .     Faith    .   b - +1 robe
rPois    +         Spirit   .   (no helmet)
rElec    .         Reflect  .   (no cloak)
rCorr    .         Harm     .   (no gloves)
MR       .....                  (no boots)
Stlth    +.........             (no amulet)
HPRegen  0.18/turn              p - ring of wizardry
MPRegen  0.12/turn              w - ring of see invisible

@: very slightly contaminated
A: change form in water, swift swim, stealthy swim
a: no special abilities


You were on level 7 of the Dungeon.
You were not hungry.

You visited 1 branch of the dungeon, and saw 7 of its levels.

You collected 298 gold pieces.

Inventory:

Missiles
 a - 89 arrows
Armour
 b - a +1 robe (worn)
Magical Staves
 g - an uncursed staff of poison (weapon)
Jewellery
 p - a ring of wizardry (left hand)
 s - an uncursed amulet of regeneration
 w - a ring of see invisible (right hand)
Scrolls
 e - 2 scrolls of enchant armour
 h - 2 scrolls of amnesia
 l - a scroll of teleportation
 m - 3 scrolls of remove curse
Potions
 j - a potion of might
 k - 2 potions of agility
 n - a potion of lignification
 q - a potion of flight
 r - 2 potions of brilliance
 t - 2 potions of haste {unknown}
 u - a potion of berserk rage {unknown}
Books
 c - a book of Changes

   Spells                             Type                      Level
   a - Beastly Appendage              Transmutation                1
   b - Sticks to Snakes               Transmutation                2
   c - Spider Form                    Transmutation/Poison         3
   d - Ice Form                       Ice/Transmutation            4
   e - Blade Hands                    Transmutation                5
 f - a book of Misfortune

   Spells                             Type                      Level
   a - Confusing Touch                Hexes                        1
   b - Confuse                        Hexes                        3
   c - Gell's Gravitas                Translocation                3
   d - Petrify                        Transmutation/Earth          4
   e - Metabolic Englaciation         Hexes/Ice                    5
   f - Yara's Violent Unravelling     Hexes/Transmutation          5
 o - a book of Air

   Spells                             Type                      Level
   a - Shock                          Conjuration/Air              1
   b - Swiftness                      Charms/Air                   2
   c - Static Discharge               Conjuration/Air              3
   d - Airstrike                      Air                          4
   e - Lightning Bolt                 Conjuration/Air              5
 v - a book of Debilitation

   Spells                             Type                      Level
   a - Corona                         Hexes                        1
   b - Slow                           Hexes                        2
   c - Inner Flame                    Hexes/Fire                   3
   d - Portal Projectile              Hexes/Translocation          3
   e - Cause Fear                     Hexes                        4
   f - Leda's Liquefaction            Hexes/Earth                  4
Comestibles
 d - 12 rations
 i - a chunk of flesh


   Skills:
 + Level 1.6 Fighting
 * Level 5.3 Dodging
 + Level 7.5 Unarmed Combat
 - Level 2.0 Spellcasting
 * Level 7.7 Transmutations
 * Level 5.3 Poison Magic


You had 5 spell levels left.
You knew the following spells:

 Your Spells              Type           Power        Failure   Level  Hunger
a - Beastly Appendage     Tmut           ###...       1%          1    #......
b - Sticks to Snakes      Tmut           ###.....     1%          2    ###....
c - Spider Form           Tmut/Pois      ####......   1%          3    ###....


Dungeon Overview and Level Annotations

Branches:
Dungeon (7/15)
 Temple: D:4-7

Altars:
Elyvilon
Gozag
Xom


Message History

The gnoll sergeant is almost dead.
The gnoll completely misses you. The gnoll sergeant barely misses you.
The gnoll hits you from afar with a scythe.
You are too injured to fight recklessly!
You are too injured to fight recklessly!
You hit the gnoll.
The gnoll is lightly wounded.
You kill the gnoll sergeant!
The gnoll misses you.
You hit the gnoll.
The gnoll is poisoned.
The gnoll is lightly wounded.
The gnoll hits you from afar with a scythe!!
* * * LOW HITPOINT WARNING * * *
The gnoll closely misses you.
You bite the gnoll!
You kill the gnoll!
Your transformation has ended.
Your uncursed staff of poison unmelds from your body.
Your +1 robe unmelds from your body.
The gnoll hits you with a scythe!
You die...

#....#..)..####..#
##..##...........#
#..#...##.......#
##..#...###..###.### #
##.....>.......##...#
###...............#..#
....................#
....................#
....##....#..#..@...# #....
#...###...##.....g).## ###....#
#...####.###......)...####...#..#
#...##....##....................#
#...##._...##.........#..........
..#....................#.........
..###..........####...........#
.## ##..........## ##....)..# ##
#.........#..#####..##..#


You could see a gnoll.

Vanquished Creatures
  Menkaure (D:7)
  2 ice beasts
  2 sky beasts (D:7)
  2 ogres
  A big kobold (D:7)
  A bullfrog (D:7)
  A gnoll sergeant (D:7)
  A bullfrog zombie (D:5)
  A quasit (D:6)
  3 hounds
  An orc priest (D:7)
  An iguana (D:7)
  3 orc wizards
  A worker ant (D:5)
  A hound skeleton (D:4)
  A howler monkey skeleton (D:7)
  4 gnolls (D:7)
  3 adders
  A shadow imp (D:6)
  An adder zombie (D:7)
  A worm (D:2)
  6 leopard geckos
  16 orcs
  3 bats
  2 giant cockroaches
  5 goblins
  5 hobgoblins
  5 jackals
  7 quokkas
  3 frilled lizards
  18 kobolds
  A leopard gecko skeleton (D:5)
  A leopard gecko zombie (D:7)
  A quokka skeleton (D:7)
  7 rats
113 creatures vanquished.

Vanquished Creatures (collateral kills)
  A phantom (D:5)
1 creature vanquished.

Grand Total: 114 creatures vanquished

Notes
Turn   | Place    | Note
-------+----------+-------------------------------------------
     0 | D:1      | Oravi the Merfolk Transmuter began the quest for the Orb.
     0 | D:1      | Reached XP level 1. HP: 15/15 MP: 3/3
   379 | D:1      | Reached XP level 2. HP: 18/21 MP: 5/5
  1057 | D:2      | Reached XP level 3. HP: 25/26 MP: 6/6
  1061 | D:2      | Learned a level 2 spell: Sticks to Snakes
  1065 | D:2      | Learned a level 3 spell: Spider Form
  1698 | D:3      | You fall through a shaft for 2 floors!
  1698 | D:5      | Entered Level 5 of the Dungeon
  1819 | D:5      | Noticed an ogre
  1861 | D:5      | Reached XP level 4. HP: 27/32 MP: 2/7
  2263 | D:5      | Noticed an ice beast
  2298 | D:5      | Killed an ice beast
  2298 | D:5      | Reached XP level 5. HP: 10/37 MP: 3/8
  2446 | D:5      | Noticed a phantom
  2569 | D:5      | Killed a phantom
  2569 | D:5      | Reached skill level 5 in Unarmed Combat
  2569 | D:5      | Reached skill level 5 in Transmutations
  2569 | D:5      | Reached XP level 6. HP: 17/43 MP: 2/9
  3325 | D:3      | Found a shimmering altar of Xom.
  4055 | D:4      | Found a white marble altar of Elyvilon.
  4064 | D:4      | Reached XP level 7. HP: 47/48 MP: 7/10
  5794 | D:7      | Reached XP level 8. HP: 19/54 MP: 9/11
  5883 | D:7      | Noticed Menkaure
  5896 | D:7      | Killed Menkaure
  6309 | D:7      | Found an opulent altar of Gozag.
  6453 | D:7      | Reached skill level 5 in Dodging
  6772 | D:7      | Reached skill level 5 in Poison Magic
  6916 | D:7      | Paralysed by a gnoll sergeant for 7 turns
  6934 | D:7      | Slain by a gnoll

Skill      XL: |  1  2  3  4  5  6  7  8 |
---------------+-------------------------+-----
Transmutations | 3 4 5 6 7 |  7.7
Unarmed Combat | 4 5 6 7 |  7.5
Dodging        | 3 4 5 |  5.3
Poison Magic   | 2 3 4 5 |  5.3
Fighting       | |  1.6
Spellcasting   | |  2.0

Action                   |  1- 3 |  4- 6 |  7- 9 || total
-------------------------+-------+-------+-------++-------
Melee: Unarmed           |   106 |    95 |   161 ||   362
       Headbutt          |     8 |       |       ||     8
       Punch             |     2 |       |       ||     2
       Staff             |       |       |     2 ||     2
 Cast: Beastly Appendage |    15 |       |       ||    15
       Spider Form       |    12 |    16 |    25 ||    53
       Sticks to Snakes  |       |     3 |       ||     3
  Use: Scroll            |     6 |     4 |     4 ||    14
       Potion            |       |     5 |     4 ||     9
  Eat: Chunk             |     5 |     4 |     8 ||    17
       Ration            |       |     2 |     1 ||     3
Armor: Robe              |    10 |     4 |     1 ||    15
       Skin              |       |     3 |     8 ||    11
Dodge: Dodged            |    74 |   101 |   135 ||   310
